 Dungeon Crawl Stone Soup version 0.28-a0-390-gb254ac4902 (webtiles) character file.

Game seed: 10355256881675827526

7401 mathmaestro the Grappler (level 10, -4/110 HPs)
             Began as a Troll Monk on Sept 3, 2021.
             Succumbed to Sonja's poison
             ... on level 10 of the Dungeon.
             The game lasted 00:16:15 (7802 turns).

mathmaestro the Grappler (Troll Monk)               Turns: 7802, Time: 00:16:16

Health: -4/110     AC:  4    Str: 24    XL:     10   Next: 92%
Magic:  9/9        EV:  9    Int:  6    God:
Gold:   396        SH: 14    Dex: 12    Spells: 9/9 levels left

rFire   . . .      SeeInvis .     - Unarmed
rCold   + + +      Faith    .   I - +0 kite shield {rC+}
rNeg    + + .      Spirit   .   a - +0 robe
rPois   .          Reflect  +   (helmet restricted)
rElec   .          Harm     .   y - scarf {repulsion}
rCorr   .          Rampage  .   (gloves unavailable)
Will    .....                   (boots unavailable)
Stlth   ++........              d - amulet of Bewen {Reflect rC++ rN++ SH+5}
HPRegen 1.28/turn               (no ring)
MPRegen 0.11/turn               (no ring)

@: lethally poisoned (-4 -> -68), repel missiles
A: large, unfitting armour, claws 3, regeneration 1, shaggy fur 1, tough skin 1
a: no special abilities


You were on level 10 of the Dungeon.
You visited 2 branches of the dungeon, and saw 11 of its levels.
You also visited: Ossuary.

You collected 599 gold pieces.
You spent 203 gold pieces at shops.

Inventory:

Hand Weapons
 C - a +4 spear of freezing
Missiles
 j - 102 sling bullets
 k - 404 stones
 m - 220 arrows
 p - 4 boomerangs
 t - 45 poisoned darts
 A - 2 curare-tipped darts
 F - a throwing net
 H - 3 large rocks (quivered)
Armour
 a - a +0 robe (worn)
 y - a scarf of repulsion (worn)
 I - a +0 kite shield of cold resistance (worn)
Jewellery
 d - the amulet of Bewen (around neck) {Reflect rC++ rN++ SH+5}
   (You acquired it on level 6 of the Dungeon)

   [amulet of reflection]

   It reflects blocked missile attacks.
   rC:        It greatly protects you from cold.
   rN:        It greatly protects you from negative energy.
   SH:        It affects your SH (+5).
 q - a ring of ice
Wands
 w - a wand of polymorph (17)
 B - a wand of charming (5)
 G - a wand of digging (7)
Scrolls
 c - a scroll of enchant armour
 g - 8 scrolls of teleportation
 h - a scroll of blinking
 i - 4 scrolls of fear
 n - 4 scrolls of identify
 o - 2 scrolls of immolation
 u - 2 scrolls of fog
 x - a scroll of brand weapon
 E - a scroll of amnesia
Potions
 b - 2 potions of resistance
 e - 2 potions of lignification
 f - 2 potions of ambrosia
 l - a potion of curing
 r - 4 potions of heal wounds
 s - 3 potions of flight
 v - 2 potions of brilliance
 z - 2 potions of might


   Skills:
 + Level 9.8 Fighting
 + Level 1.6 Throwing
 - Level 3.0 Dodging
 - Level 1.0 Stealth
 + Level 6.3 Shields
 - Level 10.0 Unarmed Combat


You had 9 spell levels left.
You didn't know any spells.
Your spell library contained the following spells:

 Spells                   Type           Power      Damage    Failure   Level
 Magic Dart               Conj           0%         1d3       65%         1
 Call Imp                 Summ           0%         N/A       80%         2
 Corpse Rot               Necr/Air       N/A        N/A       80%         2
 Gell's Gravitas          Tloc           0%         N/A       95%         3
 Lesser Beckoning         Tloc           0%         N/A       95%         3
 Mephitic Cloud           Conj/Pois/Air  0%         N/A       95%         3
 Teleport Other           Tloc           0%         N/A       95%         3
 Dispel Undead            Necr           0%         3d6       100%        4
 Death Channel            Necr           0%         N/A       100%        6


Dungeon Overview and Level Annotations

Branches:
Dungeon (10/15)            Temple (1/1) D:4            Lair (0/6) D:8
    Orc (0/2) D:10        Ossuary (visited)

Altars:
Ashenzari
Cheibriados
Dithmenos
Elyvilon
Fedhas
Gozag
Kikubaaqudgha
Makhleb
Nemelex Xobeh
Okawaru
Qazlal
Ru
Sif Muna
Trog
Uskayaw
Vehumet
Wu Jian
Xom
Yredelemnul
Zin
The Shining One

Shops:
D:2 ?   D:8 *

Annotations:
D:10 Sonja


Innate Abilities, Weirdness & Mutations

You are too large for most types of armour.
You have claws for hands.
Your natural rate of healing is unusually fast.
You are covered in fur. (AC +1)
You have tough skin. (AC +1)


Message History

You closely miss Sonja.
Sonja is severely wounded.
* * * LOW HITPOINT WARNING * * *
You feel extremely sick.
Sonja hits you with a +2 dagger of venom.
* * * LOW HITPOINT WARNING * * *
You are more poisoned.
You block Sonja's attack. x2
You closely miss Sonja.
Sonja is severely wounded.
* * * LOW HITPOINT WARNING * * *
You feel extremely sick. You block Sonja's attack. Sonja barely misses you.
You block Sonja's attack.
Unknown command.
You barely miss Sonja.
Sonja is almost dead.
* * * LOW HITPOINT WARNING * * *
You feel extremely sick.
Sonja hits you with a +2 dagger of venom.
* * * LOW HITPOINT WARNING * * *
You are more poisoned.
You block Sonja's attack.
Sonja hits you with a +2 dagger of venom.
* * * LOW HITPOINT WARNING * * *
You are more poisoned.
You feel much better.
* * * LOW HITPOINT WARNING * * *
You feel extremely sick.
Sonja hits you with a +2 dagger of venom.
* * * LOW HITPOINT WARNING * * *
You are more poisoned.
Sonja hits you but does no damage.
You are more poisoned.
Sonja hits you with a +2 dagger of venom.
* * * LOW HITPOINT WARNING * * *
You are more poisoned.
Unknown command.
You miss Sonja.
Sonja is almost dead.
You die...

####
####..##################
................@K......
.......................#
......................>#
...)...................#
)..)...................#
).)).....########......#
.........# .......
.#######.# ####### .#
###


You could see Sonja (poisoned, slow).

Vanquished Creatures
  Harold (D:8)
  A two-headed ogre (D:8)
  A cyclops (D:9)
  Maurice (D:8)
  Psyche (D:9)
  A snapping turtle (D:8)
  4 yaks (D:9)
  Grum (D:8)
  A steam dragon (D:9)
  4 water moccasins
  3 orc warriors
  3 sky beasts
  A necrophage (D:4)
  A black bear (D:6)
  A hornet zombie (D:8)
  3 centaurs
  3 ogres (D:5)
  2 wolves
  An elf zombie (Ossuary)
  4 kobold brigands
  A gnoll sergeant (D:6)
  3 scorpions
  2 bullfrogs (D:7)
  A water moccasin skeleton (D:4)
  4 wights (D:6)
  5 howler monkeys
  2 centaur zombies
  3 human zombies (Ossuary)
  6 orc priests
  A hound (D:6)
  A bullfrog skeleton (D:5)
  3 centaur skeletons
  2 gnoll shamans
  Crazy Yiuf (D:2)
  Natasha (D:3)
  3 iguanas
  4 orc wizards
  A killer bee zombie (D:7)
  2 hound skeletons
  2 mummies (Ossuary)
  A howler monkey zombie (D:9)
  5 adders
  9 gnolls
  2 white imps
  An ufetubus (D:4)
  An adder skeleton (D:4)
  3 worms
  A dart slug (D:4)
  24 orcs
  An endoplasm (D:1)
  7 goblins
  7 hobgoblins
  11 jackals
  31 kobolds
  2 quokkas
  3 ball pythons
  9 bats
  5 frilled lizards
  A goblin zombie (Ossuary)
  12 hobgoblin zombies (Ossuary)
  3 jackal zombies (Ossuary)
  5 kobold zombies (Ossuary)
  7 orc zombies (Ossuary)
  7 rats
  4 rat zombies (Ossuary)
248 creatures vanquished.

Vanquished Creatures (collateral kills)
  A gnoll (D:6)
1 creature vanquished.

Vanquished Creatures (others)
  2 gnolls
  A butterfly (D:7)
3 creatures vanquished.

Grand Total: 252 creatures vanquished

Notes
Turn   | Place    | Note
-------+----------+-------------------------------------------
     0 | D:1      | mathmaestro the Troll Monk began the quest for the Orb.
     0 | D:1      | Reached XP level 1. HP: 22/22 MP: 0/0
   196 | D:1      | Reached XP level 2. HP: 29/29 MP: 1/1
   470 | D:1      | Found a faded altar of an unknown god.
   739 | D:2      | Reached XP level 3. HP: 36/36 MP: 2/2
   801 | D:2      | Found Wuggaafi's Magic Scroll Emporium.
   821 | D:2      | Bought a scroll of fear for 49 gold pieces
   821 | D:2      | Bought a scroll of identify for 28 gold pieces
  1120 | D:2      | Reached XP level 4. HP: 43/45 MP: 3/3
  1326 | D:2      | Found a runed translucent door.
  1327 | D:2      | Noticed Crazy Yiuf
  1331 | D:2      | Killed Crazy Yiuf
  1332 | D:2      | Reached skill level 4 in Unarmed Combat
  1629 | D:3      | Found a radiant altar of Vehumet.
  1658 | D:3      | Reached XP level 5. HP: 45/53 MP: 4/4
  2005 | D:3      | Noticed Natasha
  2012 | D:3      | Killed Natasha
  2150 | D:2      | Bought a scroll of fog for 28 gold pieces
  2150 | D:2      | Bought a scroll of teleportation for 42 gold pieces
  2150 | D:2      | Bought a scroll of identify for 28 gold pieces
  2150 | D:2      | Bought a scroll of identify for 28 gold pieces
  2277 | D:4      | Reached skill level 5 in Unarmed Combat
  2277 | D:4      | Reached XP level 6. HP: 59/62 MP: 5/5
  2490 | D:4      | Found a staircase to the Ecumenical Temple.
  2518 | Temple   | Entered the Ecumenical Temple
  2921 | D:4      | Reached XP level 7. HP: 69/71 MP: 6/6
  2935 | D:4      | Found a hide-covered altar of Uskayaw.
  2942 | D:4      | Reached skill level 5 in Fighting
  2942 | D:4      | Reached skill level 6 in Unarmed Combat
  3109 | D:5      | Entered Level 5 of the Dungeon
  3308 | D:5      | Found a sand-covered staircase.
  3314 | Ossuary  | Entered an ossuary
  3458 | Ossuary  | Reached skill level 7 in Unarmed Combat
  3465 | Ossuary  | Reached XP level 8. HP: 79/83 MP: 7/7
  3924 | D:5      | Reached skill level 8 in Unarmed Combat
  4295 | D:6      | Identified a scroll of acquirement
  4295 | D:6      | Acquired the amulet of Bewen {Reflect rC++ rN++ SH+5}
  4331 | D:6      | Reached XP level 9. HP: 92/93 MP: 8/8
  4707 | D:6      | Reached skill level 9 in Unarmed Combat
  4981 | D:7      | Reached skill level 1 in Shields
  5329 | D:7      | Found a white marble altar of Elyvilon.
  5529 | D:8      | Found Yfiof's General Store.
  5592 | D:8      | Noticed Grum
  5594 | D:8      | Noticed Harold
  5596 | D:8      | Killed Grum
  5714 | D:8      | Killed Harold
  5715 | D:8      | Reached skill level 10 in Unarmed Combat
  5715 | D:8      | Reached XP level 10. HP: 32/106 MP: 9/9
  5897 | D:8      | Found a staircase to the Lair.
  6084 | D:8      | Noticed Maurice
  6090 | D:8      | Killed Maurice
  6179 | D:8      | Noticed a two-headed ogre
  6183 | D:8      | Killed a two-headed ogre
  6468 | D:8      | Noticed a two-headed ogre
  6471 | D:8      | a two-headed ogre changed into a snapping turtle
  6483 | D:8      | Reached skill level 5 in Shields
  6590 | D:9      | Noticed Psyche
  6644 | D:9      | Killed Psyche
  6991 | D:9      | Found an opulent altar of Gozag.
  7046 | D:9      | Found a shadowy altar of Dithmenos.
  7084 | D:9      | Found an iron altar of Okawaru.
  7107 | D:9      | Noticed a cyclops
  7112 | D:9      | Killed a cyclops
  7162 | D:9      | Reached skill level 1 in Throwing
  7649 | D:10     | Entered Level 10 of the Dungeon
  7652 | D:10     | Noticed a two-headed ogre
  7785 | D:10     | Noticed Sonja
  7793 | D:10     | Found a staircase to the Orcish Mines.
  7802 | D:10     | Succumbed to Sonja's poison

Illustrated notes

Levels and vault maps discovered:
D:1:      ebering_trefoil_3fold, layout_basic, basic_ecumenical_altar
D:2:      layout_basic, serial_shops, shop_coins, uniq_crazy_yiuf_cottage
D:3:      layout_basic, nicolae_vehumet_radiance, chequers_decorated_corner,
          uniq_natasha
D:4:      layout_basic, eat_drink_and_be_merry_uskayaw,
          minmay_temple_entry_poolview
D:5:      layout_loops_ring, lightli_ossuary_entry_decrepit_ruins
D:6:      layout_basic
D:7:      layout_cave_pools, nicolae_elyvilon_peaceful_grove
D:8:      layout_basic, lair_entry_dummy, serial_shops,
          nicolae_shop_competitors_out_of_business, uniq_maurice, uniq_grum,
          uniq_harold
D:9:      layout_stronghold, mainiacjoe_overflow_concentric_impassable,
          mainiacjoe_overflow_catwalk_spiral, kennysheep_another_room,
          dk_noncrumbling_4, uniq_psyche
D:10:     layout_irregular_city, general_overflow_altar, orc_0_dummy,
          gammafunk_ghost_abyssal_escape, enter_bailey_3, minmay_quadrilaterals,
          uniq_sonja, uniq_erica
Temple:   regret_index_temple_generic_petals

Skill      XL: |  1  2  3  4  5  6  7  8  9 10 |
---------------+-------------------------------+-----
Fighting       | 3 4 5 7 8 9 |  9.8
Dodging        | 3 |  3.0
Unarmed Combat | 4 5 7 8 10 | 10.0
Shields        | 3 6 |  6.3
Throwing       | 1 |  1.6
Stealth        | |  1.0

Action                   |  1- 3 |  4- 6 |  7- 9 | 10-12 || total
-------------------------+-------+-------+-------+-------++-------
Melee: Unarmed           |   115 |   136 |   337 |   169 ||   757
       Punch             |       |     3 |    10 |       ||    13
Evoke: Wand              |       |       |     1 |     1 ||     2
  Use: Scroll            |     1 |     8 |    12 |       ||    21
       Potion            |       |       |     1 |     1 ||     2
 Stab: Sleeping          |     1 |     2 |       |     1 ||     4
Armor: Robe              |    43 |    33 |    97 |    21 ||   194
Dodge: Dodged            |    75 |    75 |   156 |    49 ||   355
Block: Other             |       |       |    10 |     1 ||    11
       Kite shield       |       |       |    80 |   140 ||   220
       Reflection        |       |       |     4 |    10 ||    14

Table legend: (Time is in decaauts)
 A = Elapsed time spent in this place.
 B = Non-inter-level travel time spent in this place.
 C = Inter-level travel time spent in this place.
 D = Time resting spent in this place.
 E = Time spent auto-exploring this place.
 F = Levels seen in this place.
 G = Mean time per level.
                   A        B        C        D        E       F      G
               +--------+--------+--------+--------+--------+-----+--------+
         Total |   7757 |   7428 |    329 |    325 |   5285 |  12 |  646.4 |
       Dungeon |   7272 |   6956 |    316 |    325 |   4962 |  10 |  727.2 |
        Temple |    248 |    235 |     13 |      0 |    228 |   1 |  248.0 |
       Ossuary |    235 |    235 |      0 |      0 |     95 |   1 |  235.0 |
               +--------+--------+--------+--------+--------+-----+--------+

Top non-repeatable levels by time:
     D:9: 1013 daAuts
     D:8: 941 daAuts
     D:2: 874 daAuts
     D:6: 801 daAuts
     D:5: 791 daAuts
     D:3: 741 daAuts
     D:7: 738 daAuts
     D:4: 622 daAuts
     D:1: 600 daAuts
  Temple: 248 daAuts
 Ossuary: 235 daAuts
    D:10: 148 daAuts
